 Dungeon Crawl Stone Soup version 0.20.0-9-g8272e65 (webtiles) character file.

183 McKennaii the Skirmisher (level 5, 0/42 HPs)
             Began as a Demonspawn Abyssal Knight on June 3, 2017.
             Was a Believer of Lugonu.
             Slain by ciphuk's ghost (3 damage)
             ... while paralysed
             ... on level 3 of the Dungeon.
             The game lasted 00:06:07 (3507 turns).

McKennaii the Skirmisher (DsAK)                     Turns: 3507, Time: 00:06:07

Health: 0/42       AC: 10    Str: 12    XL:     5   Next: 35%
Magic:  7/7        EV:  2    Int: 14    God:    Lugonu [**....]
Gold:   116        SH:  0    Dex: 13    Spells: 4/4 levels left

rFire    . . .     SeeInvis .   a - +1 falchion
rCold    . . .     Gourm    .   (no shield)
rNeg     . . .     Faith    .   b - +0 leather armour
rPois    .         Spirit   .   (helmet restricted)
rElec    .         Reflect  .   (no cloak)
rCorr    .         Harm     .   j - +0 pair of gloves
MR       .....                  (no boots)
Stlth    +.........             g - amulet of rage
Regen    0.2/turn               (no ring)
MPRegen  0.1/turn               (no ring)

@: paralysed, sanguine armour, berserk cooldown, fainting, slowed
A: antennae 1, sanguine armour 1
a: Depart the Abyss, Bend Space, Renounce Religion, Evoke Berserk Rage


You were on level 3 of the Dungeon.
You worshipped Lugonu.
Lugonu was pleased with you.
You were fainting.

You visited 1 branch of the dungeon, and saw 3 of its levels.
You visited the Abyss 1 time.

You collected 116 gold pieces.

Inventory:

Hand Weapons
 a - a +1 falchion (weapon)
Armour
 b - a +0 leather armour (worn)
 j - a +0 pair of gloves (worn)
Jewellery
 g - an amulet of rage (around neck)
Scrolls
 f - a scroll of remove curse
 h - a scroll of enchant armour {unknown}
 k - 3 scrolls of identify
 n - 2 scrolls of magic mapping
 o - a scroll of recharging {unknown}
 q - a scroll of random uselessness {unknown}
Potions
 d - a potion of curing
 e - a potion of lignification {unknown}
 i - 2 potions of flight {unknown}
 l - a potion of brilliance {unknown}
 m - a potion of mutation {unknown}
 p - a potion of resistance {unknown}
 s - a potion of might {unknown}
 t - a potion of haste {unknown}
Comestibles
 c - a bread ration
 r - a royal jelly
 u - a meat ration


   Skills:
 + Level 4.0 Fighting
 + Level 3.6 Long Blades
 + Level 2.2 Armour
 + Level 1.6 Dodging
 + Level 0.2 Stealth
 + Level 2.8 Invocations


You had 4 spell levels left.
You didn't know any spells.

Dungeon Overview and Level Annotations

Branches:
Dungeon (3/15)

Altars:
Ashenzari

Annotations:
D:3 ciphuk's ghost, amateur MfMo


Innate Abilities, Weirdness & Mutations

You have a pair of small antennae on your head.
When seriously injured, your bleeding wounds create armour. (AC +6)


Message History

Ciphuk's ghost is severely damaged.
Ciphuk's ghost misses you.
You miss ciphuk's ghost.
Ciphuk's ghost is severely damaged.
Ciphuk's ghost hits you.
You hit ciphuk's ghost.
Ciphuk's ghost is almost destroyed.
You lose consciousness!
Ciphuk's ghost hits you.
Ciphuk's ghost hits you but does no damage.
You are no longer berserk.
You feel yourself slow down. Ciphuk's ghost hits you!
* * * LOW HITPOINT WARNING * * *
Ciphuk's ghost hits you.
* * * LOW HITPOINT WARNING * * *
Ciphuk's ghost hits you.
* * * LOW HITPOINT WARNING * * *
Ciphuk's ghost barely misses you. Ciphuk's ghost hits you.
You die...

#.# #.# # #.# ########.# #
#.# .........#############
#.# #.######.###...........
#.# #........#.............
#.##########.#.#...........
#.#........#.#.#...........
#.#............#...........
#.#.......@#.##############
#.#.######.W.#
#............#
########.######..##
#..........# ....
##.######.### ♣....♣
......<.....# ♣...♣♣
...........[# ♣♣.♣♣
#....####...#


You could see ciphuk's ghost.

Vanquished Creatures
  An orc priest (D:3)
  8 adders
  An ooze (D:2)
  2 worms (D:2)
  2 dart slugs
  A leopard gecko (D:1)
  An orc (D:3)
  5 bats
  4 giant cockroaches
  8 goblins
  8 hobgoblins
  6 jackals
  A quokka (D:3)
  A ball python (D:1)
  4 frilled lizards
  13 kobolds
  2 rats (D:3)
68 creatures vanquished.

Notes
Turn   | Place    | Note
-------+----------+-------------------------------------------
     0 | Abyss:1  | McKennaii the Demonspawn Abyssal Knight began the quest for the Orb.
     0 | Abyss:1  | Reached XP level 1. HP: 18/18 MP: 2/2
   156 | Abyss:2  | Noticed a raiju
   187 | Abyss:2  | Noticed a wretched star
   188 | D:1      | Escaped the Abyss
   208 | D:1      | Reached skill level 1 in Dodging
   408 | D:1      | Gained mutation: You have a pair of small antennae on your head. [demonic ancestry]
   408 | D:1      | Reached XP level 2. HP: 22/24 MP: 3/3
   411 | D:1      | Reached * piety under Lugonu
  1028 | D:2      | Gained mutation: When seriously injured, your bleeding wounds create armour. (AC +6) [demonic ancestry]
  1028 | D:2      | Reached XP level 3. HP: 25/29 MP: 5/5
  1442 | D:2      | Found a shattered altar of Ashenzari.
  1568 | D:2      | Reached XP level 4. HP: 32/37 MP: 6/6
  1698 | D:2      | Reached ** piety under Lugonu
  2577 | D:3      | Noticed ciphuk's ghost (amateur MfMo)
  2599 | D:2      | Reached XP level 5. HP: 24/42 MP: 7/7
  2845 | D:3      | Reached skill level 4 in Fighting
  3501 | D:3      | Paralysed by fainting for 6 turns
  3507 | D:3      | Slain by ciphuk's ghost

Skill      XL: |  1  2  3  4  5 |
---------------+----------------+-----
Dodging        | 1 |  1.6
Armour         | 2 |  2.2
Long Blades    | 2 3 |  3.6
Fighting       | 4 |  4.0
Stealth        | |  0.2
Invocations    | |  2.8

Action                   |  1- 3 |  4- 6 || total
-------------------------+-------+-------++-------
Melee: Falchion          |   109 |   115 ||   224
Invok: Depart the Abyss  |     1 |       ||     1
       Bend Space        |       |     3 ||     3
 Abil: Evoke Berserk Rag |       |     1 ||     1
  Use: Scroll            |     2 |     2 ||     4
       Potion            |       |     1 ||     1
 Stab: Sleeping          |       |     1 ||     1
  Eat: Chunk             |     2 |     5 ||     7
Armor: Leather armour    |    47 |    53 ||   100
Dodge: Dodged            |    90 |    99 ||   189
       Rpst.: Falchion   |    26 |    31 ||    57
